 Dungeon Crawl Stone Soup version 0.29.0-11-gd7f09526c8 (webtiles) character file.

Game seed: 4947968232040892632

3293 sanka the Grappler (level 9, -2/79 HPs)
             Began as a Yellow Draconian Monk on Sept 4, 2022.
             Was an Elder of the Shining One.
             Slain by a cyan ugly thing (14 damage)
             ... on level 9 of the Dungeon.
             The game lasted 00:18:19 (11099 turns).

sanka the Grappler (Yellow Draconian Monk)         Turns: 11099, Time: 00:18:20

Health: -2/79      AC: 14    Str: 15    XL:     9   Next: 69%
Magic:  12/12      EV: 14    Int: 14    God:    the Shining One [****..]
Gold:   293        SH:  0    Dex: 13    Spells: 9/12 levels left

rFire   . . .      SeeInvis .     - Unarmed
rCold   + . .      Faith    .   (no shield)
rNeg    + + .      Spirit   .   (body armour unavailable)
rPois   .          Reflect  .   (helmet restricted)
rElec   .          Harm     .   E - +2 cloak {rCorr}
rCorr   +          Rampage  .   B - +0 pair of gloves
Will    .....                   n - +2 pair of boots
Stlth   +.........              y - amulet of the acrobat
HPRegen 0.23/turn               z - ring of protection from cold
MPRegen 0.13/turn               F - ring of flight

@: short of breath, flying, glowing
A: spit acid, AC +7, unfitting armour, cold-blooded, acid resistance
a: Breathe Acid, Renounce Religion, Divine Shield, Cleansing Flame


You were on level 9 of the Dungeon.
You worshipped the Shining One.
The Shining One was greatly pleased with you.
You visited 1 branch of the dungeon, and saw 10 of its levels.

You collected 562 gold pieces.
You spent 269 gold pieces at shops.


Innate Abilities, Weirdness & Mutations

You can spit globs of acid.
Your golden yellow scales are hard. (AC +7)
You cannot fit into any form of body armour.
You are cold-blooded and may be slowed by cold attacks.
You are resistant to acid. (rCorr)


   Skills:
 + Level 7.0 Fighting
 + Level 5.9 Dodging
 - Level 1.7 Stealth
 * Level 9.2 Unarmed Combat
 - Level 2.0 Spellcasting
 - Level 6.0 Transmutations
 - Level 2.0 Poison Magic


You had 9 spell levels left.
You knew the following spells:

 Your Spells              Type           Power      Damage    Failure   Level
z - Spider Form           Tmut/Pois      12%        N/A       14%         3

Your spell library contained the following spells:

 Spells                   Type           Power      Damage    Failure   Level
 Foxfire                  Conj/Fire      4%         2x1d4     24%         1
 Slow                     Hex            4%         N/A       24%         1
 Poisonous Vapours        Pois/Air       8%         N/A       24%         2
 Ensorcelled Hibernation  Hex/Ice        2%         N/A       34%         2
 Scorch                   Fire           2%         2d5       34%         2
 Confusing Touch          Hex            1%         N/A       56%         3
 Conjure Flame            Conj/Fire      1%         6-21      56%         3
 Inner Flame              Hex/Fire       1%         N/A       56%         3
 Vampiric Draining        Necr           1%         2d6       56%         3
 Ice Form                 Ice/Tmut       9%         N/A       56%         4
 Corpse Rot               Necr/Pois/Air  3%         N/A       88%         4
 Anguish                  Hex/Necr       0%         N/A       93%         4
 Cause Fear               Hex            0%         N/A       93%         4
 Flame Wave               Conj/Fire      1%         2d4       93%         4
 Hailstorm                Conj/Ice       1%         3d3       93%         4
 Simulacrum               Ice/Necr       0%         N/A       100%        6
 Summon Cactus Giant      Summ           0%         N/A       100%        6
 Dragon Form              Tmut           9%         N/A       100%        7
 Dragon's Call            Summ           0%         N/A       100%        9

Inventory:

Missiles
 w - 11 poisoned darts
Armour
 n - a +2 pair of boots (worn)
 B - a +0 pair of gloves (worn)
 E - a +2 cloak of preservation (worn)
Magical Staves
 p - a staff of cold
Jewellery
 y - an amulet of the acrobat (around neck)
 z - a ring of protection from cold (left hand)
 F - a ring of flight (right hand)
Wands
 i - a wand of roots (5)
 A - a wand of paralysis (6)
 C - a wand of flame (15)
 D - a wand of light (5)
Scrolls
 c - 5 scrolls of poison {!r}
 f - a scroll of fear {unknown}
 g - 4 scrolls of blinking
 h - a scroll of enchant weapon {unknown}
 j - 2 scrolls of teleportation {unknown}
 l - 3 scrolls of magic mapping
 r - 3 scrolls of noise {!r}
 s - 3 scrolls of amnesia
 t - a scroll of immolation {unknown}
 u - 3 scrolls of fog
 v - a scroll of vulnerability {unknown}
Potions
 a - 3 potions of ambrosia
 b - a potion of degeneration {unknown}
 d - 2 potions of flight
 k - a potion of attraction {unknown}
 m - a potion of lignification {unknown}
 o - 2 potions of might {unknown}
 q - a potion of haste {@q3}
 x - a potion of brilliance {unknown}

Dungeon Overview and Level Annotations

Branches:
Dungeon (10/15)            Temple (0/1) D:5            Lair (0/5) D:8
    Orc: D:9-12

Altars:
Elyvilon
Gozag
Kikubaaqudgha
Makhleb
Nemelex Xobeh
Okawaru
Qazlal
Ru
Uskayaw
Vehumet
Xom
The Shining One
Lugonu

Shops:
D:6 =   D:7 [   D:9 ([?(?

Annotations:
D:4 1 runed translucent door, Ge0ff's ghost, amateur MfEE
D:7 2 transporters

▒▒▒.....▒.......[......▒
▒.....▒.....▒▒.......▒▒
▒.......▒▒▒▒▒▒▒▒......▒
▒......▒▒▒▒▒▒ ▒...▒▒.▒
▒...........▒ ▒▒▒▒▒▒.▒
▒▒▒.▒.....▒.▒ ▒)▒
▒.<.....▒.▒▒▒▒▒▒▒▒▒)▒ ▒▒▒
▒.▒▒.▒..▒......▒▒...▒
..▒▒▒.▒▒.▒.▒▒...d..▒▒.▒▒▒
......▒▒........u.......▒
..▒▒▒.▒▒▒▒.▒▒▒......▒.▒.▒▒
▒▒▒ ▒.▒▒▒▒.▒ ▒......▒....▒
▒......▒ ▒▒▒▒▒▒.▒▒▒..▒
▒▒▒▒▒▒.▒ ▒.▒▒▒..▒ ▒.▒▒▒▒▒
▒......▒ ▒.....▒▒▒▒▒▒▒▒▒.▒
▒▒.......▒ ▒.▒


You could see a cyan ugly thing (blind).


Message History

The cyan ugly thing is heavily wounded.
The cyan ugly thing barely misses you.
You hit the cyan ugly thing.
The cyan ugly thing is heavily wounded.
The cyan ugly thing is no longer blind.
The cyan ugly thing stings you!
* * * LOW HITPOINT WARNING * * *
The cyan ugly thing shocks you!
* * * LOW HITPOINT WARNING * * *
You hit the cyan ugly thing but do no damage.
The cyan ugly thing is heavily wounded.
A red ugly thing comes into view.
The cyan ugly thing misses you.
Okay, then.
The cyan ugly thing attacks as you move away!
The cyan ugly thing stings you but does no damage.
There is a stone staircase leading up here.
The cyan ugly thing misses you.
You fly upwards.
There is a stone staircase leading down here.
Unknown command.
Aiming: Bolt of Light
Aim: a cyan ugly thing (heavily wounded, haloed, 81% to hit)
The bolt of light hits the cyan ugly thing!
The cyan ugly thing is severely wounded.
The cyan ugly thing is blinded.
The cyan ugly thing stings you!
* * * LOW HITPOINT WARNING * * *
The cyan ugly thing shocks you!
You die...

Action                   |  1- 3 |  4- 6 |  7- 9 || total
-------------------------+-------+-------+-------++-------
Melee: Unarmed           |    43 |     7 |   215 ||   265
       Tailslap          |     9 |    20 |    30 ||    59
       Punch             |     1 |     1 |     8 ||    10
       Hand axe          |    63 |   128 |    69 ||   260
Throw: Dart              |       |     9 |       ||     9
 Cast: Spider Form       |       |     2 |    20 ||    22
 Abil: Breathe Acid      |       |       |     1 ||     1
Evoke: Wand              |       |       |     9 ||     9
  Use: Scroll            |       |       |    11 ||    11
       Potion            |       |       |     4 ||     4
 Stab: Sleeping          |     6 |       |       ||     6
Armor: Skin              |    29 |    38 |    44 ||   111
Dodge: Dodged            |    67 |    89 |   249 ||   405

Levels and vault maps discovered:
D:1:      matt_arrival_grand_opening, layout_loops_ring,
          hellmonk_ecumenical_altar_watching_god, minmay_worlds_worst_comb
D:2:      layout_loops_corners, serial_bayou_lagoon_a, minmay_liquid_box,
          chequers_serial_rivers_micro_d, minmay_pentomino_t2
D:3:      layout_loops_ring, marbit_many_paths, nicolae_tso_besieged_by_evil,
          serial_undead, serial_undead_b, serial_undead_e, serial_undead_f,
          serial_undead_c, minmay_increasing_density
D:4:      layout_rooms, ebering_ghost_reflecting_pool, uniq_crazy_yiuf_cottage
D:5:      layout_loops_cross, lightli_temple_of_fire,
          mainiacjoe_overflow_cross_hatched, temple_fountains,
          minmay_crystal_room, kennysheep_generic_room_9
D:6:      layout_loops_ring, grunt_gozag_statues, serial_shops, shop
D:7:      gammafunk_corrupted_shrine, layout_rooms, okawaru_metal_pillars_3,
          nicolae_uskayaw_dance_hall, elyvilon_altar_3, lemuel_round_altar,
          tgw_kikubaaqudgha, serial_shops, shop
D:8:      layout_gridville, old_standard_altar, lemuel_coloured_pillars_altar,
          dpeg_lair_monsters, nicolae_concentric_dashed_squares_mild
D:9:      layout_loops_cross, mainiacjoe_overflow_catwalk_spiral, serial_shops,
          nicolae_shop_advertising_works [nicolae_subvault_shop_adworks],
          kennysheep_mini_moat, nicolae_shop_trees, shop_fountains, shop
D:10:     minmay_the_grid_octo_triangle [minmay_the_grid_octo_77,
          minmay_the_grid_octo_prize_big_c, minmay_the_grid_octo_teeth],
          layout_cave_pools, david_orc_2, nicolae_blasting_shop

Notes
Turn   | Place    | Note
-------+----------+-------------------------------------------
     0 | D:1      | sanka the Draconian Monk began the quest for the Orb.
     0 | D:1      | Reached XP level 1. HP: 19/19 MP: 1/1
   353 | D:1      | Reached XP level 2. HP: 26/26 MP: 2/2
   735 | D:1      | Noticed an eye of devastation
   742 | D:1      | Found a faded altar of an unknown god.
   744 | D:1      | Noticed a great orb of eyes
   744 | D:1      | Noticed an eye of devastation
   744 | D:1      | Noticed a great orb of eyes
   791 | D:1      | Reached skill level 4 in Unarmed Combat
  1409 | D:2      | Reached XP level 3. HP: 31/31 MP: 3/3
  1930 | D:2      | Reached skill level 1 in Poison Magic
  2030 | D:2      | Learned a level 3 spell: Spider Form
  2113 | D:3      | Reached skill level 1 in Transmutations
  2122 | D:3      | Found a glowing golden altar of the Shining One.
  2174 | D:3      | Reached skill level 1 in Spellcasting
  2174 | D:3      | Reached XP level 4. HP: 38/38 MP: 5/5
  2191 | D:3      | Became a worshipper of the Shining One
  2191 | D:3      | Reached * piety under the Shining One
  2191 | D:3      | Reached ** piety under the Shining One
  2556 | D:3      | Reached XP level 5. HP: 45/45 MP: 7/7
  2609 | D:3      | Reached skill level 2 in Transmutations
  2609 | D:3      | Reached skill level 2 in Poison Magic
  2723 | D:3      | Found a sacrificial altar of Ru.
  2955 | D:3      | Reached skill level 2 in Spellcasting
  3239 | D:4      | Reached skill level 3 in Transmutations
  3471 | D:4      | Reached skill level 4 in Transmutations
  3471 | D:4      | Reached XP level 6. HP: 42/51 MP: 9/9
  3777 | D:4      | Found a runed translucent door.
  3782 | D:4      | Noticed Ge0ff's ghost (amateur MfEE)
  4005 | D:4      | Found a runed translucent door.
  4006 | D:4      | Noticed Crazy Yiuf
  4057 | D:5      | Entered Level 5 of the Dungeon
  4326 | D:5      | Reached *** piety under the Shining One
  4340 | D:5      | Reached skill level 5 in Transmutations
  4437 | D:5      | Found a staircase to the Ecumenical Temple.
  4551 | D:5      | Reached skill level 6 in Transmutations
  4551 | D:5      | Your scales start taking on a golden yellow colour.
  4551 | D:5      | Reached XP level 7. HP: 56/57 MP: 10/10
  4551 | D:5      | Gained mutation: You are resistant to acid. (rCorr) [Yellow
                  | Draconian growth]
  4645 | D:5      | Found a radiant altar of Vehumet.
  4756 | D:5      | Found a burning altar of Makhleb.
  5193 | D:6      | Reached skill level 3 in Dodging
  5271 | D:6      | Found Gounyp's Jewellery Boutique.
  5393 | D:6      | Reached skill level 5 in Unarmed Combat
  5606 | D:6      | Found an opulent altar of Gozag.
  5735 | D:6      | Reached skill level 4 in Fighting
  6357 | D:6      | Reached XP level 8. HP: 34/67 MP: 7/11
  6566 | D:6      | Reached skill level 6 in Unarmed Combat
  6842 | D:7      | Found a white marble altar of Elyvilon.
  6881 | D:7      | Found a stormy altar of Qazlal.
  6953 | D:7      | Found an ancient bone altar of Kikubaaqudgha.
  6954 | D:7      | Reached **** piety under the Shining One
  6955 | D:7      | Reached skill level 4 in Dodging
  6957 | D:7      | Reached skill level 5 in Fighting
  7206 | D:7      | Found an iron altar of Okawaru.
  7207 | D:7      | Found Beruthio's Antique Armour Shoppe.
  7250 | D:7      | Reached skill level 7 in Unarmed Combat
  7487 | D:7      | Found a transporter.
  7488 | D:7      | Noticed a cyan ugly thing
  7488 | D:7      | Noticed a green ugly thing
  7489 | D:7      | Found a corrupted altar of Lugonu.
  7489 | D:7      | Noticed a white ugly thing
  7497 | D:7      | Found a hide-covered altar of Uskayaw.
  7671 | D:7      | Found a transporter.
  7843 | D:4      | Killed Crazy Yiuf
  8397 | D:4      | Found a runed translucent door.
  8590 | D:8      | Noticed a death yak
  8590 | D:8      | Noticed a death yak
  8856 | D:9      | Found Vadelyos's Weapon Emporium.
  9169 | D:9      | Found a shimmering altar of Xom.
  9189 | D:9      | Found a sparkling altar of Nemelex Xobeh.
  9534 | D:9      | Found Vemyco's Antique Armour Boutique.
  9541 | D:9      | Bought a glowing cloak for 157 gold pieces
  9588 | D:9      | Reached XP level 9. HP: 72/75 MP: 12/12
  9600 | D:9      | Reached skill level 6 in Fighting
  9600 | D:9      | Reached skill level 5 in Dodging
  9689 | D:9      | Found Taumiani's Magic Scroll Shoppe.
  9706 | D:9      | Found Oqalod's Weapon Shoppe.
  9733 | D:9      | Found Yroblebuw's Magic Scroll Boutique.
  9746 | D:9      | Bought a scroll of blinking for 112 gold pieces
  9795 | D:9      | Reached skill level 8 in Unarmed Combat
 10774 | D:8      | Noticed a death yak
 10774 | D:8      | Found a staircase to the Lair.
 10789 | D:10     | Entered Level 10 of the Dungeon
 10808 | D:10     | Noticed a rakshasa
 10838 | D:10     | Killed a rakshasa
 10839 | D:10     | Reached skill level 7 in Fighting
 10839 | D:10     | Reached skill level 9 in Unarmed Combat
 11080 | D:10     | Noticed a cyan ugly thing
 11093 | D:10     | Noticed a red ugly thing
 11099 | D:9      | Slain by a cyan ugly thing

Vanquished Creatures
  A rakshasa (D:10)
  A shadow (D:9)
  A steam dragon (D:7)
  2 black bears (D:6)
  4 orc warriors
  2 phantoms
  2 kobold brigands
  A gnoll sergeant (D:9)
  3 scorpions
  2 bullfrogs (D:7)
  A necrophage (D:7)
  8 killer bees (D:9)
  2 howler monkeys
  A crimson imp (D:3)
  2 gnoll boudas
  2 hounds (D:5)
  2 jellies
  An orc priest (D:9)
  Crazy Yiuf (D:4)
  2 iguanas (D:5)
  An orc wizard (D:6)
  A hound skeleton (D:3)
  10 gnolls
  2 river rats (D:8)
  11 adders
  A shadow imp (D:7)
  3 white imps
  2 ufetubi (D:5)
  2 worms
  6 dart slugs
  28 orcs
  9 ball pythons
  5 bats
  4 endoplasms
  4 giant cockroaches
  4 goblins
  4 hobgoblins
  4 jackals (D:1)
  3 quokkas
  A frilled lizard (D:3)
  A giant cockroach zombie (D:3)
  A goblin skeleton (D:3)
  2 goblin zombies
  4 hobgoblin zombies (D:3)
  14 kobolds
  2 kobold zombies (D:3)
  An orc skeleton (D:3)
  An orc zombie (D:3)
  A quokka skeleton (D:3)
  2 rats
175 creatures vanquished.

Vanquished Creatures (others)
  A human (D:7)
  2 orcs (D:7)
  2 withered plants (D:3)
5 creatures vanquished.

Grand Total: 180 creatures vanquished
